AoeStats
← CazadorGT

Arena

509407521Analyzed
4v4 RM · 6d ago on Sep 26, 2026· 33m 11s· 8 players
Game mode
Random Map
Map size
Large (8 player)
Population
200
Speed
Normal
Resources
Standard
Victory
Conquest
Starting age
Dark Age
Ending age
Imperial Age
RankedLock teamsTeams togetherTeam positionsShared explorationLock speedFull tech treeHidden civsTurbo modeCheats
Victory
Defeat
🇮🇳 Japanese · India
1213
+13
🇮🇳 Inca · India
1211
+13
🇮🇳 Vikings · India
1195
+14
🇮🇳 Saxons · India
1182
+14
🇬🇹 Bohemians · Guatemala
1179
-14
🇫🇷 Varangians · France
1151
-14
1133
-13
🇻🇪 Franks · Venezuela
1122
-13
Digit
11:06 Feudal Age
14:48 Castle Age
14:32 Double-Bit Axe
16:23 Horse Collar
18:47 Fervor
18:25 Loom
21:00 Wheelbarrow
21:38 Forging
21:30 Scale Mail Armor
21:58 Heavy Plow
23:04 Squires
22:59 Gambesons
24:09 Gold Mining
25:29 Iron Casting
27:41 Chain Mail Armor
32:54 Hand Cart
35:55 Imperial Age
CazadorGT
11:39 Feudal Age
15:43 Castle Age
14:26 Double-Bit Axe
14:23 Horse Collar
15:03 Forging
19:19 Padded Archer Armor
20:47 Chemistry
20:29 Loom
我的要强在作怪
10:35 Feudal Age
14:15 Castle Age
12:34 Horse Collar
15:03 Heavy Plow
15:59 Double-Bit Axe
20:39 Bow Saw
22:44 Wheelbarrow
dejame_ganar
10:11 Feudal Age
14:22 Castle Age
12:56 Loom
24:28 Double-Bit Axe
Lurker
10:44 Feudal Age
14:24 Castle Age
12:53 Horse Collar
13:56 Double-Bit Axe
25:38 Heavy Plow
25:50 Bow Saw
28:53 Loom
29:46 Wheelbarrow
30:10 Fletching
35:12 Imperial Age
bamboe
10:02 Feudal Age
14:56 Castle Age
13:42 Double-Bit Axe
14:44 Loom
20:18 Scale Mail Armor
21:05 Horse Collar
22:11 Squires
22:23 Forging
26:05 Gold Mining
26:19 Heavy Plow
26:30 Bow Saw
29:39 Imperial Age
30:13 Chain Mail Armor
31:14 Iron Casting
31:26 Elite Varangian Guard
32:29 Arson
34:00 Blast Furnace
33:53 Plate Mail Armor
olais
3:59 Loom
11:43 Feudal Age
16:28 Castle Age
14:18 Horse Collar
15:03 Double-Bit Axe
16:21 Gold Mining
16:34 Stone Mining
17:34 Wheelbarrow
21:37 Scale Mail Armor
21:48 Forging
26:05 Hand Cart
27:34 Squires
28:39 Heavy Plow
32:39 Imperial Age
32:03 Gold Shaft Mining
32:59 Iron Casting
32:39 Chain Mail Armor
32:43 Gambesons
32:44 Arson
32:56 Town Watch
32:52 Elite Varangian Guard
34:10 Conscription
Aaaaaaah Do
10:37 Feudal Age
11:53 Loom
14:43 Castle Age
13:23 Double-Bit Axe
13:27 Horse Collar
21:55 Scale Mail Armor
29:53 Forging
Connection lost

Rejoining the realm…

Still unreachable

The connection could not be restored.

Session expired

The server has moved on; the page needs a fresh start.